 Dungeon Crawl Stone Soup version 0.22.1-2-g9c5b331 (webtiles) character file.

4349 myga the Magician (level 10, -2/69 HPs)
             Began as a Human Air Elementalist on Nov 27, 2018.
             Was a Priest of Elyvilon.
             Killed from afar by a wretched star (8 damage)
             ... with an orb of energy
             ... on level 2 of the Abyss.
             The game lasted 01:42:36 (12247 turns).

myga the Magician (Human Air Elementalist)         Turns: 12247, Time: 01:42:37

Health: -2/69      AC:  8    Str:  6    XL:     10   Next: 59%
Magic:  0/26       EV: 14    Int: 17    God:    Elyvilon [***...]
Gold:   224        SH:  0    Dex: 10    Spells: 1/24 levels left

rFire    . . .     SeeInvis .     - Unarmed
rCold    . . .     Gourm    .   (no shield)
rNeg     . . .     Faith    .   q - +0 robe
rPois    +         Spirit   +   (no helmet)
rElec    .         Reflect  .   n - +2 cloak {rPois}
rCorr    .         Harm     .   b - +2 pair of gloves
MR       .....                  (no boots)
Stlth    ++........             e - amulet of guardian spirit
HPRegen  0.00/turn              m - ring of magical power
MPRegen  0.20/turn              (no ring)

@: sluggish, very slow
A: [clumsy 2], [low mp 2], [inhibited regeneration], [weak 2], [no potion heal
3]
a: Lesser Healing, Heal Other, Purification, Divine Protection, Renounce
Religion


You were on level 2 of the Abyss.
You worshipped Elyvilon.
Elyvilon was most pleased with you.
You were not hungry.

You visited 2 branches of the dungeon, and saw 10 of its levels.
You visited the Abyss 1 time.
You also visited: Sewer.

You collected 344 gold pieces.
You spent 120 gold pieces at shops.

Inventory:

Missiles
 f - 102 arrows
 g - 188 stones
 j - 4 tomahawks (quivered)
Armour
 a - a +0 cloak
 b - a +2 pair of gloves (worn)
 n - a +2 cloak of poison resistance (worn)
 q - a +0 robe (worn)
Jewellery
 e - an amulet of guardian spirit (around neck)
 m - a ring of magical power (left hand)
Wands
 h - a wand of enslavement (13)
Scrolls
 i - a scroll of amnesia
 k - a scroll of magic mapping
 l - a scroll of identify
 p - 4 scrolls of remove curse
Potions
 d - 3 potions of flight
Comestibles
 c - 3 rations


   Skills:
 + Level 2.9 Fighting
   Level 0.5 Short Blades
 + Level 0.4 Throwing
 + Level 5.3 Dodging
 + Level 3.8 Stealth
 + Level 3.1 Unarmed Combat
 + Level 7.5 Spellcasting
 + Level 6.6 Conjurations
 + Level 0.4 Hexes
 + Level 2.2 Charms
 + Level 7.3 Air Magic


You had one spell level left.
You knew the following spells:

 Your Spells              Type           Power        Failure   Level  Hunger
a - Shock                 Conj/Air       ####         1%          1    None
b - Swiftness             Chrm/Air       ###.....     2%          2    None
c - Static Discharge      Conj/Air       ####....     1%          3    ##.....
d - Airstrike             Air            ####......   5%          4    ####...
e - Lightning Bolt        Conj/Air       ####......   17%         5    #####..
f - Confuse               Hex            #.......     26%         3    ##.....
g - Dazzling Spray        Conj/Hex       ###...       8%          3    ##.....
h - Ensorcelled Hibernat  Hex/Ice        #.....       16%         2    None

Your spell library contained the following spells:

 Spells                   Type           Power        Failure   Level  Hunger
 Corona                   Hex            #......      9%          1    None
 Tukima's Dance           Hex            #.......     26%         3    ##.....


Dungeon Overview and Level Annotations

Branches:
Dungeon (9/15)             Temple (1/1) D:7
   Lair: D:8-11         Orc: D:9-12

Altars:
Ashenzari
Cheibriados
Dithmenos
Elyvilon
Fedhas
Gozag
Hepliaklqana
Kikubaaqudgha
Makhleb
Nemelex Xobeh
Okawaru
Qazlal
Ru
Sif Muna
Trog
Uskayaw
Vehumet
Wu Jian
Xom
Yredelemnul
Zin
The Shining One

Shops:
D:4 !

Annotations:
D:8 Erica
D:9 Erolcha


Innate Abilities, Weirdness & Mutations

[You are very clumsy. (Dex -4)]
[Your magical capacity is very low. (-20% MP)]
[You do not regenerate when monsters are visible.]
[You are very weak. (Str -4)]
[Potions cannot restore your health.]


Message History

You feel sluggish.
A daeva comes into view.
It is wielding an eudemon blade of holy wrath.
The wretched star glows turbulently.
The orb of energy hits you!
* * * LOW HITPOINT WARNING * * *
The wretched star pulses with an eldritch light!
You feel weaker. x2
The wretched star pulses with an eldritch light!
You feel clumsy. x2
Your divine protection fades away.
The wretched star pulses with an eldritch light!
Your system completely rejects the healing effects of potions.
The wretched star pulses with an eldritch light!
Your regeneration stops near monsters.
You start to feel a little faster.
The wretched star glows turbulently.
The orb of energy misses you.
The wretched star glows turbulently.
The orb of energy hits you!
You die...

........#...#.##.
. ..#...#..##* #
## .#
#.......#..####
### #..#..ยง..#
#.#.#.###. .
##.*.#.. .#.# #
##.#####.#.
#.###.##.# # .
#.@....# ##
#.....####....#
#.#.## #..... #
...## .#.. . . #.


You could see a wretched star.

Vanquished Creatures
  A queen bee (D:9)
  Sigmund (D:6)
  A wyvern (D:8)
  Menkaure (D:7)
  Edmund (D:6)
  A water moccasin (D:8)
  A sky beast (D:9)
  2 ice beasts (D:5)
  A necrophage (D:7)
  6 phantoms
  4 centaurs
  6 ogres
  Blork the orc (D:6)
  A big kobold (Sewer)
  A bullfrog (D:7)
  2 scorpions
  7 killer bees (D:9)
  4 wights
  2 crimson imps
  A bullfrog zombie (D:6)
  3 hounds
  4 orc priests
  2 orc wizards
  Crazy Yiuf (D:7)
  2 iguanas (D:6)
  8 worker ants
  A worker ant zombie (D:7)
  7 gnolls
  12 adders
  3 river rats
  2 oozes
  An adder zombie (D:6)
  2 adder skeletons
  4 worms
  3 dart slugs (D:1)
  3 leopard geckos
  20 orcs
  4 giant cockroaches
  12 goblins
  6 hobgoblins
  7 jackals
  10 kobolds
  4 quokkas
  A ball python (D:5)
  9 bats
  12 frilled lizards
  A jackal skeleton (D:7)
  A leopard gecko skeleton (D:4)
  A quokka zombie (D:8)
  11 rats
202 creatures vanquished.

Notes
Turn   | Place    | Note
-------+----------+-------------------------------------------
     0 | D:1      | myga the Human Air Elementalist began the quest for the
                  | Orb.
     0 | D:1      | Reached XP level 1. HP: 13/13 MP: 3/3
   286 | D:1      | Reached XP level 2. HP: 7/19 MP: 0/5
   596 | D:1      | Reached XP level 3. HP: 15/24 MP: 0/6
   910 | D:1      | Learned a level 2 spell: Swiftness
   915 | D:1      | Learned a level 3 spell: Static Discharge
  1435 | D:2      | Reached XP level 4. HP: 30/30 MP: 7/7
  1663 | D:2      | Reached XP level 5. HP: 19/36 MP: 0/9
  2049 | D:2      | Reached skill level 1 in Fighting
  2682 | D:3      | Learned a level 4 spell: Airstrike
  2982 | D:3      | Noticed an ogre
  2990 | D:3      | Killed an ogre
  2990 | D:3      | Reached skill level 1 in Unarmed Combat
  2990 | D:3      | Reached XP level 6. HP: 41/43 MP: 1/11
  3485 | D:4      | Found Ereu's Distillery.
  4081 | D:4      | Bought a potion of curing for 30 gold pieces
  4081 | D:4      | Bought a potion of heal wounds for 50 gold pieces
  4081 | D:4      | Bought a potion of agility for 40 gold pieces
  4089 | D:5      | Entered Level 5 of the Dungeon
  4089 | D:5      | Found a glowing drain.
  4143 | D:5      | Noticed a phantom
  4166 | Sewer    | Entered a sewer
  4173 | Sewer    | Reached XP level 7. HP: 23/48 MP: 4/12
  4636 | Sewer    | Found a white marble altar of Elyvilon.
  4644 | Sewer    | Became a worshipper of Elyvilon the Healer
  4942 | D:5      | Reached XP level 8. HP: 35/56 MP: 0/14
  4961 | D:5      | HP: 1/56 [centaur/arrow (13)]
  5547 | D:5      | Reached skill level 5 in Air Magic
  5676 | D:5      | Reached skill level 5 in Spellcasting
  6658 | D:5      | Learned a level 5 spell: Lightning Bolt
  6841 | D:6      | Reached skill level 1 in Charms
  6877 | D:6      | Noticed Edmund
  6955 | D:6      | Killed Edmund
  6955 | D:6      | Reached XP level 9. HP: 47/62 MP: 0/17
  8099 | D:6      | Noticed Sigmund
  8128 | D:6      | Reached * piety under Elyvilon
  8223 | D:6      | Killed Sigmund
  8270 | D:6      | Noticed Blork the orc
  8305 | D:6      | Killed Blork the orc
  8305 | D:6      | Reached skill level 5 in Conjurations
  8409 | D:6      | Found a shadowy altar of Dithmenos.
  9041 | D:7      | Learned a level 3 spell: Confuse
  9051 | D:7      | Learned a level 3 spell: Dazzling Spray
  9100 | D:7      | Reached XP level 10. HP: 56/68 MP: 14/20
  9175 | D:7      | Found a staircase to the Ecumenical Temple.
  9242 | Temple   | Entered the Ecumenical Temple
  9553 | D:7      | Noticed Menkaure
  9559 | D:7      | Killed Menkaure
  9824 | D:7      | Found a runed door.
 10149 | D:7      | Reached ** piety under Elyvilon
 10243 | D:7      | Noticed Crazy Yiuf
 10262 | D:7      | Killed Crazy Yiuf
 10424 | D:7      | Learned a level 2 spell: Ensorcelled Hibernation
 10564 | D:8      | Reached skill level 5 in Dodging
 10790 | D:8      | Noticed Erica
 11119 | D:8      | Noticed a two-headed ogre
 11952 | D:9      | Noticed Erolcha
 11983 | D:9      | Cast into level 2 of the Abyss (Erolcha)
 12039 | Abyss:2  | Noticed a starcursed mass
 12051 | Abyss:2  | Noticed a rakshasa
 12059 | Abyss:2  | Reached *** piety under Elyvilon
 12076 | Abyss:2  | Noticed a thrashing horror
 12151 | Abyss:2  | Noticed an orange demon
 12205 | Abyss:2  | Noticed a great orb of eyes
 12210 | Abyss:2  | Noticed a wretched star
 12240 | Abyss:2  | Noticed a daeva
 12247 | Abyss:2  | Killed from afar by a wretched star

Skill      XL: |  1  2  3  4  5  6  7  8  9 10 |
---------------+-------------------------------+-----
Fighting       | 1 2 |  2.9
Spellcasting   | 3 4 5 6 7 |  7.5
Unarmed Combat | 1 2 3 |  3.1
Conjurations   | 2 3 4 5 6 |  6.6
Air Magic      | 4 5 6 7 |  7.3
Dodging        | 3 4 5 |  5.3
Charms         | 1 2 |  2.2
Stealth        | 3 |  3.8
Short Blades   | |  0.5
Throwing       | |  0.4
Hexes          | |  0.4

Action                   |  1- 3 |  4- 6 |  7- 9 | 10-12 || total
-------------------------+-------+-------+-------+-------++-------
Melee: Dagger            |    18 |       |       |       ||    18
       Unarmed           |     7 |   150 |   123 |    98 ||   378
       Punch             |       |       |     1 |     1 ||     2
Throw: Stone             |     2 |    18 |       |       ||    20
       Tomahawk          |       |       |     3 |     3 ||     6
 Cast: Shock             |    46 |   144 |   179 |    74 ||   443
       Static Discharge  |       |    19 |    51 |    18 ||    88
       Swiftness         |       |     2 |    10 |     4 ||    16
       Airstrike         |       |       |    11 |     2 ||    13
       Dazzling Spray    |       |       |       |     7 ||     7
       Confuse           |       |       |       |     3 ||     3
Invok: Divine Protection |       |       |       |     4 ||     4
       Purification      |       |       |       |     2 ||     2
  Use: Scroll            |     2 |     7 |     9 |     5 ||    23
       Potion            |       |     6 |    14 |     4 ||    24
 Stab: Invisible         |       |       |       |     1 ||     1
  Eat: Chunk             |     2 |     8 |    11 |     4 ||    25
       Ration            |       |     1 |     3 |     3 ||     7
Armor: Robe              |     7 |    26 |    10 |    41 ||    84
Dodge: Dodged            |    16 |   151 |   136 |   116 ||   419
